 Dungeon Crawl Stone Soup version 0.22.1-1-ga44c0e5 (webtiles) character file.

108854 MalarOregon the Warrior (level 16, 0/223 HPs)
             Began as a Minotaur Berserker on Sept 21, 2018.
             Was the Champion of Trog.
             Succumbed to a ghost moth's poison
             ... on level 1 of the Spider Nest.
             The game lasted 00:59:36 (22680 turns).

MalarOregon the Warrior (Minotaur Berserker)       Turns: 22680, Time: 00:59:38

Health: 0/223      AC: 20    Str: 39 (40) XL:     16   Next: 3%
Magic:  0/21       EV: 19    Int:  6 (11) God:    Trog [******]
Gold:   2521       SH: 16    Dex: 14 (16) Spells: 15/15 levels left

rFire    + . .     SeeInvis .   a - +1 demon blade (drain)
rCold    + + +     Gourm    .   U - +0 shield {reflect}
rNeg     + . .     Faith    .   T - +5 scale mail of Qazlal's Scorn {*Slow rC++ Int+7}
rPois    .         Spirit   .   (helmet restricted)
rElec    .         Reflect  +   f - scarf {rC+ rF+}
rCorr    .         Harm     .   S - +2 pair of gloves {Dex+3}
MR       ++++.                  J - +0 pair of boots
Stlth    ..........             h - amulet of regeneration
HPRegen  1.87/turn              w - ring "Qomeff" {*Drain rN+ Str+7 Dex+2}
MPRegen  0.17/turn              l - ring of protection from magic

@: berserking, lethally poisoned (0 -> -18), regenerating, very quick
A: retaliatory headbutt, horns 2
a: Berserk, Trog's Hand, Brothers in Arms, Renounce Religion


You were on level 1 of the Spider Nest.
You worshipped Trog.
Trog was exalted by your worship.
You were near starving.

You visited 4 branches of the dungeon, and saw 24 of its levels.
You visited 1 bazaar.
You also visited: Labyrinth.

You collected 2812 gold pieces.
You spent 291 gold pieces at shops.

Inventory:

Hand Weapons
 a - a +1 demon blade of draining (weapon)
   (You found it on level 14 of the Dungeon)
 b - a +8 quick blade of draining
   (Trog gifted it to you on level 7 of the Dungeon)
 Q - the cursed +2 shortbow of Balance {freeze, rElec rN+, unknown}
   (You found it on level 1 of the Spider Nest)

   It causes projectiles fired from it to freeze those they strike, causing
   extra injury to most foes and up to half again as much damage against
   particularly susceptible opponents.
   They can also slow down cold-blooded creatures.
   It insulates you from electricity.
   It protects you from negative energy.
   It has a curse placed upon it.
Missiles
 y - a throwing net (quivered) {!f}
Armour
 f - a scarf of resistance (worn)
   (You found it on level 11 of the Dungeon)
 J - a +0 pair of boots (worn)
   (You found it on level 9 of the Dungeon)
 S - a +2 pair of gloves of dexterity (worn)
   (You found it in a labyrinth)
 T - the +5 scale mail of Qazlal's Scorn (worn) {*Slow rC++ Int+7}
   (You bought it in a shop on level 2 of the Orcish Mines)

   It affects your intelligence (+7).
   It greatly protects you from cold.
   It may slow you when you take damage.
 U - a +0 shield of reflection (worn)
   (You found it on level 15 of the Dungeon)
Jewellery
 h - an amulet of regeneration (around neck)
   (You found it on level 2 of the Dungeon)
 j - a +5 ring of protection
   (You found it on level 5 of the Dungeon)
 l - a ring of protection from magic (right hand)
   (You found it on level 1 of the Spider Nest)
 w - the ring "Qomeff" (left hand) {*Drain rN+ Str+7 Dex+2}
   (You found it on level 5 of the Dungeon)

   [ring of positive energy]

   It affects your strength (+7).
   It affects your dexterity (+2).
   It protects you from negative energy.
   It causes draining when unequipped.
 G - the ring "Pionebri" {+Fly rF- rC++ Str+3 Stlth+}
   (You found it in a bazaar)

   [ring of flight]

   It affects your strength (+3).
   It makes you vulnerable to fire.
   It greatly protects you from cold.
   It lets you fly.
   It makes you more stealthy.
Wands
 c - a wand of disintegration (11)
   (You found it on level 14 of the Dungeon)
 d - a wand of iceblast (32)
   (You found it on level 6 of the Dungeon)
 p - a wand of enslavement (20)
   (You took it off Ijyb on level 3 of the Dungeon)
 t - a wand of flame (23)
   (You found it on level 14 of the Dungeon)
 u - a wand of paralysis (20)
   (You found it on level 8 of the Dungeon)
 v - a wand of digging (32)
   (You found it on level 5 of the Dungeon)
 x - a wand of acid (4)
   (You found it on level 3 of the Lair of Beasts)
 I - a wand of polymorph (12)
   (You found it on level 11 of the Dungeon)
 N - a wand of clouds (7)
   (You found it on level 3 of the Dungeon)
Scrolls
 g - 5 scrolls of identify {@r1}
 i - 2 scrolls of blinking
 k - a scroll of acquirement {unknown}
 n - 15 scrolls of remove curse {@r2}
 z - 6 scrolls of teleportation {@r4}
 E - a scroll of fear
 F - 2 scrolls of fog
 H - 3 scrolls of immolation {!r}
 K - 2 scrolls of enchant armour
 R - a scroll of brand weapon
Potions
 m - a potion of cancellation
 o - 10 potions of curing {@q1}
 q - 4 potions of agility
 s - 2 potions of lignification {!q}
 A - a potion of invisibility
 B - a potion of brilliance {unknown}
 C - 2 potions of haste {@q3}
 D - 8 potions of heal wounds {@q2}
 L - 5 potions of resistance
 O - 4 potions of might
 P - a potion of ambrosia
Miscellaneous
 M - a phial of floods
   (You found it on level 2 of the Lair of Beasts)
Comestibles
 e - 34 rations {!d}


   Skills:
 + Level 15.1 Fighting
 - Level 14.0 Long Blades
 + Level 14.8 Armour
 + Level 13.7 Dodging
 + Level 14.4 Shields
 + Level 8.7 Evocations


You had 15 spell levels left.
You didn't know any spells.
Your spell library was empty.

Dungeon Overview and Level Annotations

Branches:
Dungeon (15/15)            Temple (0/1) D:7            Lair (6/6) D:11
 Shoals (0/4) Lair:3       Spider (1/4) Lair:3        Slime (0/5) Lair:5
    Orc (2/2) D:10            Elf (0/3) Orc:2        Vaults (0/5) D:13
 Depths (0/5) D:15

Altars:
Ashenzari
Cheibriados
Fedhas
Makhleb
Okawaru
Trog
Wu Jian
Xom
Yredelemnul

Shops:
Orc:2 :*([=


Innate Abilities, Weirdness & Mutations

You reflexively headbutt those who attack you in melee.
You have a pair of horns on your head.


Message History

You feel you are being watched by something.
Something barely misses you. Something hits you.
* * * LOW HITPOINT WARNING * * *
You block something's attack.
Unknown command.
You slice the jumping spider!!
You kill the jumping spider!
Trog accepts your kill.
Unknown command.
Unknown command.
You slash something! You headbutt something!!
You feel you are being watched by something.
Something barely misses you. You block something's attack.
Something stings you.
* * * LOW HITPOINT WARNING * * *
You are lethally poisoned!
Something poisons you!
Unknown command.
Unknown command.
Unknown command.
You closely miss something. Your headbutt misses something.
* * * LOW HITPOINT WARNING * * *
You feel sick.
Unknown command.
You closely miss something. Your headbutt misses something.
* * * LOW HITPOINT WARNING * * *
You feel sick. Something hits you but does no damage.
Something hits you but does no damage. Something closely misses you.
You completely miss something.
* * * LOW HITPOINT WARNING * * *
You feel sick.
Unknown command.
You hit something but do no damage.
* * * LOW HITPOINT WARNING * * *
You feel sick.
You feel you are being watched by something.
Something misses you. Something hits you!
* * * LOW HITPOINT WARNING * * *
You feel dopey.
Something stings you but does no damage.
Unknown command.
You slice something!! Trog accepts your kill.
Reactivating autopickup.
You feel a bit more experienced.
You die...

..## ...# ..## ...# #+
### ### ##
...###.####.####.## #^##
...##...##...##.$.##...##
...##....................
...##.#....#....#†...#...
...##.......^...@........
...##.#....#....#....#...
...##....................
##.##...##...##...##...##
.^.###.####.####.## #.##
...###'## ### ### ##
..###...## ..#..#...#
...........#


There were no monsters in sight!

Vanquished Creatures
  A ghost moth (Spider:1)
  An orc warlord (Orc:2)
  Nessos (D:13)
  2 slime creatures (D:12)
  A dire elephant (D:15)
  A minotaur (Lab)
  An ettin (Orc:1)
  Snorg (Lair:6)
  Erolcha (D:13)
  The ghost of Ymberto the Fighter, a journeyman NaTm of Okawaru (D:11)
  An ogre mage (D:13)
  4 vault guards (D:13)
  A catoblepas (D:15)
  7 hydras
  5 two-headed ogres
  2 centaur warriors
  3 death yaks (D:11)
  6 orc high priests
  Sonja (Orc:2)
  Nergalle (Lair:1)
  9 skeletal warriors
  An unseen horror (D:11)
  An orb spider (shapeshifter) (D:14)
  3 harpies (D:15)
  5 wolf spiders (Spider:1)
  6 orc knights
  2 ugly things
  6 orc sorcerers
  A salamander (D:15)
  A manticore (D:14)
  2 cyclopes
  5 elephants (Lair:3)
  Joseph (Lair:1)
  5 black mambas
  4 gargoyles
  A torpor snail (Spider:1)
  16 spiny frogs
  3 rime drakes
  6 yaktaurs
  A kobold demonologist (D:11)
  4 demonic crawlers (Spider:1)
  8 komodo dragons
  3 efreet
  A tengu conjurer (D:13)
  14 trolls
  The ghost of Jaiteiro the Covered, an amateur DDFi of Makhleb (D:4)
  5 polar bears
  3 jumping spiders (Spider:1)
  2 merfolk
  A wind drake (shapeshifter) (D:13)
  5 hornets
  3 meliai (D:13)
  2 dream sheep (Lair:6)
  18 blink frogs
  2 redbacks (Spider:1)
  A snapping turtle (Lair:3)
  8 hippogriffs
  2 vampires
  15 spriggans (Lair:6)
  2 shadows
  51 yaks
  3 tarantellas (Spider:1)
  2 spriggans (shapeshifter) (D:15)
  Sigmund (D:5)
  2 wyverns
  8 basilisks
  A human (D:13)
  A neqoxec (D:11)
  Grum (D:8)
  4 vampire mosquitoes (D:12)
  3 hungry ghosts
  3 wargs
  An acid dragon (D:15)
  13 water moccasins
  Duvessa (D:4)
  12 porcupines
  27 orc warriors
  2 sky beasts
  4 ice beasts
  An eye of draining (D:11)
  2 necrophages
  7 black bears
  3 phantoms
  29 wolves
  15 ogres
  4 boggarts (Lair:6)
  16 centaurs
  9 crocodiles
  A big kobold (D:13)
  21 bullfrogs
  A gnoll sergeant (D:8)
  An earth elemental (Lab)
  Dowan (D:4)
  4 scorpions
  A wyvern skeleton (D:11)
  19 jellies
  5 wights (D:11)
  8 howler monkeys
  8 crimson imps
  A bullfrog zombie (D:9)
  10 hounds
  6 centaur zombies
  Crazy Yiuf (D:6)
  19 orc wizards
  4 quasits (D:11)
  11 orc priests
  Ijyb (D:3)
  5 centaur skeletons
  5 iguanas
  4 bullfrog skeletons
  10 worker ants
  2 hound zombies
  A hound skeleton (D:8)
  A howler monkey zombie (D:7)
  2 worker ant zombies
  7 gnolls
  A howler monkey skeleton (D:8)
  20 adders
  5 shadow imps
  4 oozes
  An adder zombie (D:7)
  5 worms
  2 dart slugs (D:2)
  8 leopard geckos
  70 orcs
  A ball python (D:2)
  8 bats
  5 giant cockroaches
  14 goblins
  12 hobgoblins
  15 jackals
  8 quokkas
  7 frilled lizards
  15 kobolds
  A leopard gecko skeleton (D:6)
  A quokka zombie (D:7)
  4 rats
  3 fungi
  A plant (Lair:3)
818 creatures vanquished.

Vanquished Creatures (collateral kills)
  2 orcs (Orc:2)
2 creatures vanquished.

Vanquished Creatures (others)
  18 fungi
  3 plants
  A withered plant (D:15)
22 creatures vanquished.

Grand Total: 842 creatures vanquished

Notes
Turn   | Place    | Note
-------+----------+-------------------------------------------
     0 | D:1      | MalarOregon the Minotaur Berserker began the quest for the
                  | Orb.
     0 | D:1      | Reached XP level 1. HP: 19/19 MP: 0/0
    64 | D:1      | Reached XP level 2. HP: 20/27 MP: 1/1
   289 | D:1      | Reached XP level 3. HP: 24/33 MP: 2/2
   316 | D:1      | Reached skill level 4 in Fighting
   317 | D:1      | Reached ** piety under Trog
  1138 | D:2      | Reached XP level 4. HP: 39/40 MP: 3/3
  1723 | D:2      | Reached *** piety under Trog
  1769 | D:3      | Reached skill level 5 in Long Blades
  1795 | D:3      | Noticed Ijyb
  1807 | D:3      | Killed Ijyb
  1852 | D:3      | Reached XP level 5. HP: 47/47 MP: 4/4
  2579 | D:3      | Reached **** piety under Trog
  2888 | D:3      | Reached skill level 1 in Shields
  3028 | D:4      | Found a runed door.
  3029 | D:4      | Noticed Jaiteiro's ghost (amateur DDFi)
  3046 | D:4      | Reached XP level 6. HP: 48/55 MP: 5/5
  3083 | D:4      | Killed Jaiteiro's ghost
  3083 | D:4      | Reached skill level 5 in Fighting
  3083 | D:4      | Reached XP level 7. HP: 61/61 MP: 6/6
  3159 | D:4      | Noticed Duvessa
  3161 | D:4      | Noticed Dowan
  3170 | D:4      | Killed Duvessa
  3177 | D:4      | Killed Dowan
  3642 | D:4      | Found a bloodstained altar of Trog.
  3856 | D:4      | Found a stormy altar of Qazlal.
  3858 | D:4      | Found an ancient bone altar of Kikubaaqudgha.
  3858 | D:4      | Found a burning altar of Makhleb.
  3860 | D:4      | Found a shimmering altar of Xom.
  3860 | D:4      | Found an iron altar of Okawaru.
  3860 | D:4      | Found a shattered altar of Ashenzari.
  3873 | D:4      | Got a polished scale mail
  3884 | D:4      | Identified the +8 scale mail "Plog" {-Tele *Drain MP+9
                  | Str+8} (You found it on level 4 of the Dungeon)
  3923 | D:4      | Lost intelligence.
  4051 | D:5      | Entered Level 5 of the Dungeon
  4126 | D:5      | Noticed Sigmund
  4133 | D:5      | Killed Sigmund
  4133 | D:5      | Reached skill level 5 in Armour
  4293 | D:5      | Found a blossoming altar of Fedhas.
  4448 | D:5      | Got a brightly glowing ivory ring
  4462 | D:5      | Reached XP level 8. HP: 70/70 MP: 7/7
  4579 | D:5      | Reached skill level 6 in Fighting
  4852 | D:6      | Reached skill level 5 in Dodging
  5494 | D:6      | Reached XP level 9. HP: 70/78 MP: 8/8
  5497 | D:6      | Reached skill level 5 in Shields
  5502 | D:6      | Reached skill level 7 in Fighting
  5538 | D:6      | Found a runed door.
  5723 | D:6      | Reached ***** piety under Trog
  6002 | D:6      | Noticed Crazy Yiuf
  6007 | D:6      | Killed Crazy Yiuf
  6031 | D:6      | Identified the ring "Qomeff" {*Drain rN+ Str+7 Dex+2} (You
                  | found it on level 5 of the Dungeon)
  6124 | D:7      | Found a burning altar of Makhleb.
  6127 | D:7      | Found an ornate altar of the Wu Jian Council.
  6129 | D:7      | Found a shattered altar of Ashenzari.
  6315 | D:7      | Reached skill level 10 in Long Blades
  6576 | D:7      | Found a staircase to the Ecumenical Temple.
  6616 | D:7      | Received a gift from Trog
  6813 | D:8      | Found a basalt altar of Yredelemnul.
  6955 | D:8      | Noticed Grum
  6970 | D:8      | Killed Grum
  6970 | D:8      | Reached skill level 8 in Fighting
  6970 | D:8      | Reached XP level 10. HP: 88/88 MP: 9/9
  6986 | D:8      | Got a bloodstained cloak
  7436 | D:8      | Identified the cursed -4 cloak "Dosaanny" {Int+3} (You
                  | found it on level 8 of the Dungeon)
  7684 | D:9      | Noticed a two-headed ogre
  7694 | D:9      | Killed a two-headed ogre
  7798 | D:9      | Noticed a two-headed ogre
  7807 | D:9      | Killed a two-headed ogre
  7887 | D:10     | Entered Level 10 of the Dungeon
  7996 | D:10     | Reached skill level 9 in Fighting
  8224 | D:10     | Found a staircase to the Orcish Mines.
  8261 | D:10     | Reached XP level 11. HP: 97/97 MP: 10/10
  8281 | D:10     | Received a gift from Trog
  8287 | D:10     | Got an encrusted spear {god gift}
  8312 | D:10     | Noticed an eight-headed hydra
  8314 | D:10     | Identified the +3 spear "Nepnitz" {protect, rN+ MR+++ Int+2
                  | Dex+2} (Trog gifted it to you on level 10 of the Dungeon)
  8320 | D:10     | Killed an eight-headed hydra
  8572 | D:11     | Noticed a two-headed ogre
  8577 | D:11     | Killed a two-headed ogre
  8683 | D:11     | Killed an unseen horror
  8778 | D:11     | Noticed a death yak
  8779 | D:11     | Noticed a death yak
  8780 | D:11     | Found a transporter.
  8781 | D:11     | Found a staircase to the Lair.
  8781 | D:11     | Noticed a death yak
  8781 | D:11     | Noticed Ymberto's ghost (journeyman NaTm)
  8789 | D:11     | Killed a death yak
  8795 | D:11     | Killed a death yak
  8795 | D:11     | Reached skill level 10 in Fighting
  8805 | D:11     | Killed a death yak
  8880 | D:11     | Found a transporter.
  9459 | Lair:1   | Entered Level 1 of the Lair of Beasts
  9459 | Lair:1   | Noticed Joseph
  9482 | Lair:1   | Killed Joseph
  9482 | Lair:1   | Reached skill level 10 in Armour
  9513 | Lair:1   | Reached XP level 12. HP: 98/107 MP: 11/11
  9529 | Lair:1   | Noticed a six-headed hydra
  9541 | Lair:1   | Killed a six-headed hydra
  9717 | Lair:1   | Noticed Nergalle
  9727 | Lair:1   | Killed Nergalle
  9779 | Lair:1   | Received a gift from Trog
 10038 | Lair:1   | Noticed a five-headed hydra
 10046 | Lair:1   | Killed a five-headed hydra
 10046 | Lair:1   | Reached skill level 11 in Fighting
 10046 | Lair:1   | Reached skill level 10 in Shields
 10554 | Lair:2   | Reached skill level 10 in Dodging
 10621 | Lair:2   | Reached skill level 1 in Evocations
 10698 | Lair:2   | Found the +8 Wrath of Trog {antimagic, *Rage}
 11317 | Lair:3   | Found a hole to the Spider Nest.
 11342 | Lair:3   | Found a labyrinth entrance.
 11351 | Lab      | Entered a labyrinth
 11837 | Lab      | Got a distressingly furry leather armour
 12029 | Lab      | Noticed a minotaur
 12042 | Lab      | Killed a minotaur
 12042 | Lab      | Received a gift from Trog
 12042 | Lab      | Reached XP level 13. HP: 117/117 MP: 7/13
 12047 | Lab      | Identified the Guide on Intoxication and the Traveller
 12190 | Lair:3   | Reached skill level 12 in Fighting
 12673 | Lair:3   | Found a staircase to the Shoals.
 12967 | Lair:4   | Reached ****** piety under Trog
 13456 | Lair:5   | Identified the +2 leather armour of the Poles {*Corrode
                  | rElec Regen+} (You found it in a labyrinth)
 13584 | Lair:5   | Found a staircase to the Slime Pits.
 13608 | Lair:5   | Received a gift from Trog
 14194 | Lair:5   | Got a faintly glowing trident
 14373 | Lair:6   | Entered Level 6 of the Lair of Beasts
 14541 | Lair:6   | Identified the +9 trident "Uxti" {flame, Fragile rPois rF++
                  | Dex+4} (You found it on level 5 of the Lair of Beasts)
 14551 | Lair:6   | Noticed Snorg
 14563 | Lair:6   | Killed Snorg
 14602 | Lair:6   | Reached skill level 5 in Evocations
 14825 | Lair:6   | Got a twisted robe
 14865 | Lair:6   | Reached XP level 14. HP: 127/127 MP: 5/16
 14961 | Lair:6   | Reached skill level 13 in Fighting
 15069 | Lair:6   | Received a gift from Trog
 15575 | Lair:6   | Paralysed by a hornet for 2 turns
 16027 | Orc:1    | Entered Level 1 of the Orcish Mines
 16078 | Orc:1    | Identified the cursed +0 robe of Hadjma {rElec Regen+
                  | Dex-4} (You took it off a spriggan on level 6 of the Lair
                  | of Beasts)
 16679 | Orc:1    | Received a gift from Trog
 16919 | Orc:2    | Entered Level 2 of the Orcish Mines
 16932 | Orc:2    | Noticed Sonja
 16947 | Orc:2    | Killed Sonja
 17047 | Orc:2    | Found Pyapriotesk's General Store.
 17105 | Orc:2    | Bought a potion of flight for 39 gold pieces
 17188 | Orc:2    | Noticed an orc warlord
 17203 | Orc:2    | Killed an orc warlord
 17265 | Orc:2    | HP: 1/130 [orc sorcerer/bolt of fire (22)]
 17550 | Orc:2    | Found Xioqiu Furi's Antique Armour Boutique.
 17558 | Orc:2    | Bought a scorched scale mail for 252 gold pieces
 17568 | Orc:2    | Identified the +5 scale mail of Qazlal's Scorn {*Slow rC++
                  | Int+7} (You bought it in a shop on level 2 of the Orcish
                  | Mines)
 17600 | Orc:2    | Found Nafeisyl's Antique Weapon Emporium.
 17671 | Orc:2    | Found Nuikau's Jewellery Shop.
 17807 | Orc:2    | Received a gift from Trog
 17822 | Orc:2    | Found Kyruux's Book Shop.
 17843 | Orc:2    | Found a staircase to the Elven Halls.
 18206 | D:11     | Killed Ymberto's ghost
 18314 | D:12     | Reached skill level 14 in Fighting
 18394 | D:12     | Reached XP level 15. HP: 134/138 MP: 6/19
 19067 | D:13     | Received a gift from Trog
 19094 | D:13     | Found a flickering gateway to a bazaar.
 19113 | Bazaar   | Entered a bazaar
 19116 | Bazaar   | Got the ring "Pionebri" {+Fly}
 19130 | Bazaar   | Found Pimoetut's Gadget Shop.
 19161 | Bazaar   | Found Toled's Gadget Shop.
 19183 | Bazaar   | Found Zej Galau's Distillery.
 19209 | Bazaar   | Found Paiwn's Distillery.
 19651 | D:13     | Found a gate to the Vaults.
 19656 | D:13     | Noticed Erolcha
 19663 | D:13     | Killed Erolcha
 19685 | D:13     | Noticed Nessos
 19694 | D:13     | Killed Nessos
 19872 | D:13     | Found a snail-covered altar of Cheibriados.
 21141 | D:15     | Entered Level 15 of the Dungeon
 21178 | D:15     | Found a staircase to the Depths.
 21380 | D:15     | Received a gift from Trog
 22322 | Spider:1 | Entered Level 1 of the Spider Nest
 22401 | Spider:1 | Reached skill level 15 in Fighting
 22460 | Spider:1 | Got a slimy shortbow
 22660 | Spider:1 | Reached XP level 16. HP: 31/149 MP: 0/21
 22678 | Spider:1 | HP: 11/223 [poisoned by a ghost moth]
 22679 | Spider:1 | HP: 2/223 [something (7)]
 22680 | Spider:1 | Succumbed to a ghost moth's poison

Skill      XL: |  1  2  3  4  5  6  7  8  9 10 11 12 13 14 15 |
---------------+----------------------------------------------+-----
Long Blades    | 4 5 6 7 9 10 12 13 14 | 14.0
Fighting       | 4 5 6 8 9 10 11 12 14 15 | 15.1
Armour         | 3 4 5 6 7 8 10 11 12 13 14 | 14.8
Dodging        | 3 4 5 6 7 9 10 11 12 13 | 13.7
Shields        | 1 2 3 4 6 7 9 10 12 13 14 | 14.4
Evocations     | 2 5 7 8 |  8.7

Action                   |  1- 3 |  4- 6 |  7- 9 | 10-12 | 13-15 | 16-18 || total
-------------------------+-------+-------+-------+-------+-------+-------++-------
Melee: Falchion          |    65 |   141 |   266 |   363 |   999 |       ||  1834
       Headbutt          |     9 |    31 |    85 |   234 |   640 |     6 ||  1005
       Spear             |       |       |       |    20 |       |       ||    20
       Scimitar          |       |       |       |   157 |     2 |       ||   159
       Quick blade       |       |       |       |       |    18 |       ||    18
       Demon blade       |       |       |       |       |   556 |    15 ||   571
Invok: Berserk           |       |     1 |     2 |     2 |     5 |     1 ||    11
       Trog's Hand       |       |       |     1 |       |     1 |     1 ||     3
Evoke: Wand              |       |       |       |       |    16 |       ||    16
  Use: Scroll            |       |       |    10 |     7 |    21 |       ||    38
       Potion            |       |       |       |       |     1 |     1 ||     2
  Eat: Chunk             |     1 |     6 |    17 |    15 |    38 |       ||    77
       Ration            |       |       |       |     1 |     1 |       ||     2
Armor: Animal skin       |     4 |       |       |       |       |       ||     4
       Scale mail        |    15 |    71 |    85 |   204 |   209 |    15 ||   599
       Crystal plate arm |       |       |       |       |   423 |       ||   423
Dodge: Dodged            |    38 |    81 |   112 |   294 |   727 |    16 ||  1268
       Deflected         |       |       |       |       |    17 |       ||    17
Block: Buckler           |       |    13 |    47 |   119 |   306 |       ||   485
       Shield            |       |       |       |       |   374 |     7 ||   381
       Rpst.: Falchion   |    11 |    14 |    35 |    47 |   103 |       ||   210
       Scimitar          |       |       |       |    14 |       |       ||    14
       Demon blade       |       |       |       |       |    46 |     2 ||    48
